Avalanche vs Kings

Created - October-28-14 at 17:47

Goals
1 2 3 T
Avalanche 0 1 2 3
Kings 2 2 1 5
Shots
1 2 3 T
Avalanche 12 15 8 35
Kings 9 9 10 28

1st period

1. Kings , Ryan Nugent-Hopkins 7 (Mike Richards, Kris Letang) at 6:12
2. Kings , Mikael Granlund 7 (Kris Letang, Brian Gionta) at 8:07

Penalties :
Robyn Regehr (LOS) for Close Hand On Puck (Minor) at 2:30, Scottie Upshall (COL) for Interference (Minor) at 14:55, Justin Faulk (COL) for Hooking (Minor) at 18:44

2nd period

3. Kings , Brian Gionta 2 (Colin Wilson, Mikael Granlund) at 12:20
4. Avalanche , Scottie Upshall 2 (Tyson Barrie) at 14:28
5. Kings , J.T. Brown 1 (Jamie McBain, Robyn Regehr) at 16:53

Penalties :
Mikael Granlund (LOS) for Interference (Minor) at 7:50, Mikael Granlund (LOS) for Hooking (Minor) at 9:50, Mikael Granlund (LOS) for Holding (Minor) at 19:17

3rd period

6. Kings , J.T. Brown 2 (Jamie McBain, Robyn Regehr) at 3:41
7. Avalanche , Kevin Shattenkirk 2 (Cody Hodgson, Justin Faulk) at 6:40 (PP)
8. Avalanche , Radim Vrbata 2 (Cody Hodgson) at 16:23

Penalties :
Dennis Seidenberg (LOS) for Boarding (Minor) at 4:00, Robyn Regehr (LOS) for Tripping (Minor) at 6:24, Johan Franzen (COL) for Holding (Minor) at 7:31, Sami Vatanen (COL) for Hooking (Minor) at 12:42, Johan Franzen (COL) for Slashing (Minor) at 16:24

Goalie Stats

Antti Niemi (COL), 14 saves from 18 shots - (0.778), L, 3-6-0, 36:53 minutes
Martin Jones (COL), 9 saves from 10 shots - (0.900), 23:07 minutes
Ilya Bryzgalov (LOS), 32 saves from 35 shots - (0.914), W, 1-2-0, 60:00 minutes

Players Stats for Avalanche

Player Name              G  A  P  +/- PIM S  H  SB GA TA FO     MP     PP MP  PK MP  
------------------------------------------------------------------------------------
Boone Jenner             0  0  0   0  0   1  1  0  0  0  5/9     4:06   0:00   0:20 
Cody Hodgson             0  2  2  -2  0   1  1  0  0  0  15/27  20:53   5:17   2:36 
Derek Stepan             0  0  0  -1  0   1  0  1  0  0  18/43  24:13   4:54   6:59 
Johan Franzen            0  0  0  -1  4   4  4  0  0  0  1/1    17:35   5:17   0:00 
Justin Faulk             0  1  1  -1  2   3  2  6  0  0  0/0    25:18   4:32   4:40 
Keith Yandle             0  0  0  -1  0   1  0  0  0  0  0/0    22:05   5:39   1:39 
Kevin Shattenkirk        1  0  1   0  0   5  2  0  0  0  0/0    23:21   4:32   6:19 
Lauri Korpikoski         0  0  0   0  0   0  0  1  0  0  1/1    11:05   0:00   7:19 
Marcus Johansson         0  0  0  -2  0   1  3  0  0  0  1/2    17:54   4:54   0:00 
Marian Hossa             0  0  0  -1  0   5  0  0  0  0  1/3    19:50   4:54   2:36 
Matt Calvert             0  0  0   0  0   0  1  1  0  0  0/0     3:46   0:00   0:00 
Nick Holden              0  0  0  -2  0   0  0  0  0  0  0/0    16:13   0:00   3:36 
Quinton Howden           0  0  0   0  0   2  0  1  0  0  0/1    10:48   0:00   0:00 
Radim Vrbata             1  0  1  -2  0   4  1  0  0  0  0/1    18:17   5:17   0:00 
Riley Sheahan            0  0  0   0  0   1  0  0  0  0  10/12  10:48   0:00   0:00 
Sami Vatanen             0  0  0  -2  2   0  1  0  0  0  0/0    12:36   0:00   0:00 
Scottie Upshall          1  0  1   0  2   2  2  0  0  0  0/1    10:47   0:00   0:00 
Tyson Barrie             0  1  1   0  0   4  1  1  0  0  0/0    20:25   5:39   3:36 

Players Stats for Kings

Player Name              G  A  P  +/- PIM S  H  SB GA TA FO     MP     PP MP  PK MP  
------------------------------------------------------------------------------------
Blair Jones              0  0  0   0  0   0  1  0  0  0  0/0    12:13   2:35   0:36 
Brian Gionta             1  1  2   2  0   1  0  0  0  0  1/1    15:13   0:00   0:00 
Colin Wilson             0  1  1   2  0   0  0  0  0  0  2/4    18:48   3:35   0:00 
Dennis Seidenberg        0  0  0   2  2   2  0  0  0  0  0/0    21:34   0:00   3:43 
Deryk Engelland          0  0  0   0  0   0  0  0  0  0  0/0     0:00   0:00   0:00 
Dustin Penner            0  0  0   0  0   0  1  0  0  0  0/0    10:24   3:35   0:00 
J.T. Brown               2  0  2   0  0   2  1  0  0  0  0/1     9:17   0:00   0:00 
Jamie McBain             0  2  2   1  0   0  0  0  0  0  0/0    13:02   3:15   0:00 
Kris Letang              0  2  2   2  0   2  1  2  0  0  0/0    26:23   6:46   5:04 
Michal Handzus           0  0  0   0  0   1  0  0  0  0  12/28  16:07   0:00   6:50 
Mikael Granlund          1  1  2   2  6   2  0  0  0  0  9/18   21:22   6:12   0:00 
Mike Richards            0  1  1   1  0   1  2  1  0  0  0/0    22:00   6:20   6:50 
Mikhail Grabovski        0  0  0   0  0   1  0  0  0  0  4/11    9:52   0:00   3:03 
Robyn Regehr             0  2  2   1  4   1  2  1  0  0  0/0     9:45   0:00   0:00 
Ryan Nugent-Hopkins      1  0  1   1  0   12 0  0  0  0  18/33  24:47   6:20   3:03 
Sean Monahan             0  0  0   1  0   2  1  0  0  0  3/5    15:52   7:17   0:00 
Tobias Enstrom           0  0  0   0  0   0  0  2  0  0  0/0    21:15   0:00   5:41 
Tyler Myers              0  0  0   0  0   1  1  1  0  0  0/0    21:49   3:40   5:54 

3 Stars

1 - J.T. Brown (LOS)
2 - Brian Gionta (LOS)
3 - Kris Letang (LOS)

Power Play

Avalanche - 1 on 6 Attempt(s) - 16.67%
Kings - 0 on 5 Attempt(s) - 0.00%

Penalty Kill

Avalanche - 5 on 5 Attempt(s) - 100.00% - Score 0 goal in Penalty Kill
Kings - 5 on 6 Attempt(s) - 83.33% - Score 0 goal in Penalty Kill

Official

Referees : TJ Luxmore and Tom Kowal
Linesman : John Grandt and Shane Heyer

Game Notes

Martin Jones enters game at 16:53 of 2nd period

Finance

Level 1 -- Attendance: 6500 (100.00%) -- Ticket Income $481,000
Level 2 -- Attendance: 5000 (100.00%) -- Ticket Income $305,000
Level 3 -- Attendance: 3500 (100.00%) -- Ticket Income $136,500
Level 4 -- Attendance: 2118 (100.00%) -- Ticket Income $72,012
Luxury Box -- Attendance: 912 (91.20%) -- Ticket Income $168,720
Game was played at the Staples Center
Total Attendance: 18030 (99.51%)
Total Ticket Income: $1,163,232
Other Income: $174,485
Total Income: $1,337,717

% Time on Ice - Avalanche

Lines # - Real PCT - Wanted PCT - Time Play
Normal Forward
1 - 31% - 35% - 12:20
2 - 33% - 35% - 13:00
3 - 27% - 20% - 10:48
4 - 9% - 10% - 3:46
Normal Defense
1 - 37% - 35% - 14:47
2 - 28% - 30% - 11:10
3 - 32% - 25% - 12:37
4 - 3% - 10% - 1:20
PP Forward
1 - 48% - 54% - 4:54
2 - 52% - 46% - 5:17
PP Defense
1 - 55% - 60% - 5:39
2 - 45% - 40% - 4:32
PK Forward
1 - 74% - 60% - 7:19
2 - 26% - 40% - 2:36
PK Defense
1 - 64% - 60% - 6:19
2 - 36% - 40% - 3:36
PK3 Forward
1 - 0% - 60%
2 - 0% - 40%
PK3 Defense
1 - 0% - 60%
2 - 0% - 40%
44 Forward
1 - 0% - 60%
2 - 0% - 40%
44 Defense
1 - 0% - 60%
2 - 0% - 40%
Last Minute Offensive  - 0:00
Last Minute Defensive  - 0:00
Total
Forward - 60:00
Defense - 60:00

% Time on Ice - Kings

Lines # - Real PCT - Wanted PCT - Time Play
Normal Forward
1 - 22% - 40% - 8:35
2 - 38% - 30% - 15:13
3 - 17% - 20% - 6:49
4 - 23% - 10% - 9:17
Normal Defense
1 - 36% - 40% - 14:33
2 - 31% - 30% - 12:15
3 - 25% - 20% - 9:47
4 - 8% - 10% - 3:19
PP Forward
1 - 64% - 60% - 6:20
2 - 36% - 40% - 3:35
PP Defense
1 - 63% - 60% - 6:15
2 - 37% - 40% - 3:40
PK Forward
1 - 70% - 60% - 7:08
2 - 30% - 40% - 3:03
PK Defense
1 - 50% - 60% - 5:04
2 - 50% - 40% - 5:07
PK3 Forward
1 - 0% - 60%
2 - 0% - 40%
PK3 Defense
1 - 0% - 60%
2 - 0% - 40%
44 Forward
1 - 0% - 60%
2 - 0% - 40%
44 Defense
1 - 0% - 60%
2 - 0% - 40%
Last Minute Offensive  - 0:00
Last Minute Defensive  - 0:00
Total
Forward - 60:00
Defense - 60:00

Play by Play

1st period


0:01 of 1st period - Ryan Nugent-Hopkins wins face-off versus Derek Stepan in neutral zone.
0:09 of 1st period - Ryan Nugent-Hopkins is hit by Justin Faulk and loses puck.
0:40 of 1st period - Shot by Justin Faulk.
0:40 of 1st period - Shot Misses the Net.
2:20 of 1st period - Shot by Nick Holden.
2:20 of 1st period - Shot Misses the Net.
2:23 of 1st period - Icing by Robyn Regehr.
2:24 of 1st period - Boone Jenner wins face-off versus Michal Handzus in Kings zone.
2:26 of 1st period - Matt Calvert is hit by Robyn Regehr and loses puck.
2:30 of 1st period - Minor Penalty to Robyn Regehr for Close Hand On Puck.
2:31 of 1st period - Michal Handzus wins face-off versus Derek Stepan in Kings zone.
2:31 of 1st period - Michal Handzus is hit by Marcus Johansson.
3:02 of 1st period - Icing by Derek Stepan.
3:03 of 1st period - Mikhail Grabovski wins face-off versus Marian Hossa in Avalanche zone.
3:26 of 1st period - Shot by Justin Faulk.
3:26 of 1st period - Stopped by Ilya Bryzgalov without a rebound.
3:27 of 1st period - Mikhail Grabovski wins face-off versus Cody Hodgson in Kings zone.
3:40 of 1st period - Shot by Kevin Shattenkirk.
3:40 of 1st period - Deflect By Radim Vrbata.
3:40 of 1st period - Shot Hit the Post.
3:42 of 1st period - Shot by Johan Franzen.
3:42 of 1st period - Deflect By Radim Vrbata.
3:42 of 1st period - Shot Misses the Net.
3:44 of 1st period - Shot by Johan Franzen.
3:44 of 1st period - Stopped by Ilya Bryzgalov without a rebound.
3:45 of 1st period - Cody Hodgson wins face-off versus Michal Handzus in Kings zone.
3:48 of 1st period - Shot by Radim Vrbata.
3:48 of 1st period - Stopped by Ilya Bryzgalov without a rebound.
3:49 of 1st period - Cody Hodgson wins face-off versus Michal Handzus in Kings zone.
4:08 of 1st period - Shot by Mikhail Grabovski.
4:08 of 1st period - Shot Blocked by Justin Faulk.
4:16 of 1st period - Tobias Enstrom is hit by Johan Franzen and loses puck.
4:25 of 1st period - Shot by Johan Franzen.
4:25 of 1st period - Shot Blocked by Tobias Enstrom.
4:27 of 1st period - Shot by Kevin Shattenkirk.
4:27 of 1st period - Stopped by Ilya Bryzgalov without a rebound.
4:28 of 1st period - Derek Stepan wins face-off versus Michal Handzus in Kings zone.
4:53 of 1st period - Icing by Robyn Regehr.
4:54 of 1st period - Mikael Granlund wins face-off versus Boone Jenner in Kings zone.
4:58 of 1st period - Off-side.
4:59 of 1st period - Cody Hodgson wins face-off versus Mikhail Grabovski in neutral zone.
5:23 of 1st period - Shot by Ryan Nugent-Hopkins.
5:23 of 1st period - Stopped by Antti Niemi without a rebound.
5:24 of 1st period - Derek Stepan wins face-off versus Michal Handzus in Avalanche zone.
5:47 of 1st period - Shot by Johan Franzen.
5:47 of 1st period - Stopped by Ilya Bryzgalov without a rebound.
5:48 of 1st period - Ryan Nugent-Hopkins wins face-off versus Cody Hodgson in Kings zone.
5:52 of 1st period - Off-side.
5:53 of 1st period - Ryan Nugent-Hopkins wins face-off versus Cody Hodgson in neutral zone.
6:12 of 1st period - Shot by Ryan Nugent-Hopkins.
6:12 of 1st period - Goal by Ryan Nugent-Hopkins - Avalanche : 0 - Kings : 1.
6:13 of 1st period - Mikael Granlund wins face-off versus Derek Stepan in neutral zone.
6:13 of 1st period - Jamie McBain is hit by Johan Franzen and loses puck.
6:25 of 1st period - Marian Hossa is hit by Robyn Regehr and loses puck.
6:39 of 1st period - Shot by Johan Franzen.
6:39 of 1st period - Stopped by Ilya Bryzgalov without a rebound.
6:40 of 1st period - Riley Sheahan wins face-off versus Sean Monahan in Kings zone.
6:49 of 1st period - Shot by Quinton Howden.
6:49 of 1st period - Stopped by Ilya Bryzgalov without a rebound.
6:50 of 1st period - Cody Hodgson wins face-off versus Mikhail Grabovski in Kings zone.
6:50 of 1st period - Keith Yandle is hit by Tyler Myers and loses puck.
7:33 of 1st period - Shot by Radim Vrbata.
7:33 of 1st period - Shot Misses the Net.
7:59 of 1st period - Shot by Brian Gionta.
7:59 of 1st period - Shot Blocked by Justin Faulk.
8:01 of 1st period - Shot by Brian Gionta.
8:01 of 1st period - Deflect By Mikael Granlund.
8:01 of 1st period - Shot Misses the Net.
8:03 of 1st period - Shot by Kris Letang.
8:03 of 1st period - Shot Misses the Net.
8:07 of 1st period - Shot by Mikael Granlund.
8:07 of 1st period - Goal by Mikael Granlund - Avalanche : 0 - Kings : 2.
8:08 of 1st period - Derek Stepan wins face-off versus Michal Handzus in neutral zone.
8:25 of 1st period - Shot by Johan Franzen.
8:25 of 1st period - Shot Misses the Net.
8:27 of 1st period - Shot by Marian Hossa.
8:27 of 1st period - Stopped by Ilya Bryzgalov without a rebound.
8:28 of 1st period - Colin Wilson wins face-off versus Quinton Howden in Kings zone.
8:55 of 1st period - Riley Sheahan is hit by Kris Letang and loses puck.
9:05 of 1st period - Icing by Kris Letang.
9:06 of 1st period - Colin Wilson wins face-off versus Derek Stepan in Kings zone.
9:16 of 1st period - Brian Gionta is hit by Tyson Barrie and loses puck.
9:47 of 1st period - Shot by Johan Franzen.
9:47 of 1st period - Stopped by Ilya Bryzgalov without a rebound.
9:48 of 1st period - Ryan Nugent-Hopkins wins face-off versus Boone Jenner in Kings zone.
9:48 of 1st period - Ryan Nugent-Hopkins is hit by Boone Jenner.
10:01 of 1st period - Shot by Mike Richards.
10:01 of 1st period - Shot Misses the Net.
10:03 of 1st period - Shot by Sean Monahan.
10:03 of 1st period - Stopped by Antti Niemi without a rebound.
10:04 of 1st period - Riley Sheahan wins face-off versus J.T. Brown in Avalanche zone.
11:19 of 1st period - Shot by Marian Hossa.
11:19 of 1st period - Stopped by Ilya Bryzgalov without a rebound.
11:20 of 1st period - Cody Hodgson wins face-off versus Colin Wilson in Kings zone.
11:27 of 1st period - Shot by Radim Vrbata.
11:27 of 1st period - Shot Misses the Net.
12:14 of 1st period - Icing by Dennis Seidenberg.
12:15 of 1st period - Boone Jenner wins face-off versus Mikael Granlund in Kings zone.
12:48 of 1st period - Shot by Lauri Korpikoski.
12:48 of 1st period - Shot Misses the Net.
12:50 of 1st period - Shot by Tyson Barrie.
12:50 of 1st period - Stopped by Ilya Bryzgalov without a rebound.
12:51 of 1st period - Michal Handzus wins face-off versus Derek Stepan in Kings zone.
12:51 of 1st period - Jamie McBain is hit by Johan Franzen and loses puck.
13:18 of 1st period - Shot by Marian Hossa.
13:18 of 1st period - Stopped by Ilya Bryzgalov without a rebound.
13:19 of 1st period - Cody Hodgson wins face-off versus Ryan Nugent-Hopkins in Kings zone.
14:02 of 1st period - Shot by Sean Monahan.
14:02 of 1st period - Stopped by Antti Niemi without a rebound.
14:03 of 1st period - Marian Hossa wins face-off versus Mikael Granlund in Avalanche zone.
14:55 of 1st period - Minor Penalty to Scottie Upshall for Interference.
14:56 of 1st period - Ryan Nugent-Hopkins wins face-off versus Derek Stepan in Avalanche zone.
15:01 of 1st period - Shot by Ryan Nugent-Hopkins.
15:01 of 1st period - Stopped by Antti Niemi without a rebound.
15:02 of 1st period - Ryan Nugent-Hopkins wins face-off versus Derek Stepan in Avalanche zone.
15:17 of 1st period - Shot by Ryan Nugent-Hopkins.
15:17 of 1st period - Stopped by Antti Niemi with a rebound.
15:32 of 1st period - Icing by Tyler Myers.
15:33 of 1st period - Ryan Nugent-Hopkins wins face-off versus Boone Jenner in Kings zone.
15:38 of 1st period - Shot by Ryan Nugent-Hopkins.
15:38 of 1st period - Stopped by Antti Niemi without a rebound.
15:39 of 1st period - Sean Monahan wins face-off versus Derek Stepan in Avalanche zone.
15:52 of 1st period - Tyson Barrie is hit by Dustin Penner and loses puck.
16:33 of 1st period - Off-side.
16:34 of 1st period - Boone Jenner wins face-off versus Ryan Nugent-Hopkins in neutral zone.
16:51 of 1st period - Shot by Ryan Nugent-Hopkins.
16:51 of 1st period - Shot Misses the Net.
16:53 of 1st period - Shot by Kris Letang.
16:53 of 1st period - Shot Blocked by Tyson Barrie.
17:20 of 1st period - Icing by Tobias Enstrom.
17:21 of 1st period - Michal Handzus wins face-off versus Cody Hodgson in Kings zone.
17:33 of 1st period - Shot by Dennis Seidenberg.
17:33 of 1st period - Shot Misses the Net.
18:09 of 1st period - Shot by Ryan Nugent-Hopkins.
18:09 of 1st period - Shot Misses the Net.
18:11 of 1st period - Shot by Robyn Regehr.
18:11 of 1st period - Stopped by Antti Niemi without a rebound.
18:12 of 1st period - Derek Stepan wins face-off versus Mikael Granlund in Avalanche zone.
18:21 of 1st period - Shot by Johan Franzen.
18:21 of 1st period - Shot Blocked by Tyler Myers.
18:24 of 1st period - Icing by Tobias Enstrom.
18:25 of 1st period - Riley Sheahan wins face-off versus Mikael Granlund in Kings zone.
18:31 of 1st period - Icing by Tyler Myers.
18:32 of 1st period - Mikael Granlund wins face-off versus Derek Stepan in Kings zone.
18:44 of 1st period - Minor Penalty to Justin Faulk for Hooking.
18:45 of 1st period - Derek Stepan wins face-off versus Ryan Nugent-Hopkins in Avalanche zone.
18:55 of 1st period - Off-side.
18:56 of 1st period - Derek Stepan wins face-off versus Ryan Nugent-Hopkins in neutral zone.
19:05 of 1st period - Nick Holden is hit by Sean Monahan and loses puck.
19:22 of 1st period - Shot by Kris Letang.
19:22 of 1st period - Shot Misses the Net.
Goals for this period are 0 for Avalanche vs 2 for Kings.
Shots for this period are 12 for Avalanche vs 9 for Kings.

2nd period


0:01 of 2nd period - Ryan Nugent-Hopkins wins face-off versus Derek Stepan in neutral zone.
0:03 of 2nd period - Mikael Granlund is hit by Kevin Shattenkirk and loses puck.
0:21 of 2nd period - Shot by Mikael Granlund.
0:21 of 2nd period - Shot Misses the Net.
0:39 of 2nd period - Shot by Mike Richards.
0:39 of 2nd period - Stopped by Antti Niemi with a rebound.
1:19 of 2nd period - Shot by Radim Vrbata.
1:19 of 2nd period - Stopped by Ilya Bryzgalov without a rebound.
1:20 of 2nd period - Riley Sheahan wins face-off versus Mikhail Grabovski in Kings zone.
1:23 of 2nd period - Shot by Scottie Upshall.
1:23 of 2nd period - Shot Misses the Net.
1:25 of 2nd period - Shot by Scottie Upshall.
1:25 of 2nd period - Stopped by Ilya Bryzgalov without a rebound.
1:26 of 2nd period - Riley Sheahan wins face-off versus Mikael Granlund in Kings zone.
1:47 of 2nd period - Shot by Riley Sheahan.
1:47 of 2nd period - Stopped by Ilya Bryzgalov without a rebound.
1:48 of 2nd period - Johan Franzen wins face-off versus Sean Monahan in Kings zone.
1:54 of 2nd period - Icing by Ryan Nugent-Hopkins.
1:55 of 2nd period - Derek Stepan wins face-off versus Ryan Nugent-Hopkins in Kings zone.
1:56 of 2nd period - Shot by Keith Yandle.
1:56 of 2nd period - Shot Misses the Net.
3:15 of 2nd period - Icing by Kris Letang.
3:16 of 2nd period - Mikael Granlund wins face-off versus Cody Hodgson in Kings zone.
3:28 of 2nd period - Colin Wilson is hit by Marcus Johansson and loses puck.
3:33 of 2nd period - Shot by Marcus Johansson.
3:33 of 2nd period - Stopped by Ilya Bryzgalov with a rebound.
3:35 of 2nd period - Shot by Radim Vrbata.
3:35 of 2nd period - Shot Misses the Net.
3:37 of 2nd period - Shot by Kevin Shattenkirk.
3:37 of 2nd period - Stopped by Ilya Bryzgalov with a rebound.
3:39 of 2nd period - Shot by Kevin Shattenkirk.
3:39 of 2nd period - Stopped by Ilya Bryzgalov with a rebound.
5:13 of 2nd period - Icing by Marcus Johansson.
5:14 of 2nd period - Ryan Nugent-Hopkins wins face-off versus Cody Hodgson in Avalanche zone.
5:29 of 2nd period - Shot by Ryan Nugent-Hopkins.
5:29 of 2nd period - Stopped by Antti Niemi without a rebound.
5:30 of 2nd period - Mikael Granlund wins face-off versus Marian Hossa in Avalanche zone.
6:34 of 2nd period - Mike Richards is hit by Sami Vatanen.
6:42 of 2nd period - Kris Letang is hit by Scottie Upshall.
6:50 of 2nd period - Shot by Ryan Nugent-Hopkins.
6:50 of 2nd period - Stopped by Antti Niemi without a rebound.
6:51 of 2nd period - Boone Jenner wins face-off versus Michal Handzus in Avalanche zone.
7:06 of 2nd period - Shot by Boone Jenner.
7:06 of 2nd period - Stopped by Ilya Bryzgalov without a rebound.
7:07 of 2nd period - Mikhail Grabovski wins face-off versus Riley Sheahan in Kings zone.
7:47 of 2nd period - Icing by Keith Yandle.
7:48 of 2nd period - Riley Sheahan wins face-off versus Mikael Granlund in Avalanche zone.
7:50 of 2nd period - Minor Penalty to Mikael Granlund for Interference.
7:51 of 2nd period - Derek Stepan wins face-off versus Michal Handzus in Kings zone.
7:52 of 2nd period - Shot by Keith Yandle.
7:52 of 2nd period - Shot Misses the Net.
7:54 of 2nd period - Shot by Derek Stepan.
7:54 of 2nd period - Stopped by Ilya Bryzgalov without a rebound.
7:55 of 2nd period - Michal Handzus wins face-off versus Derek Stepan in Kings zone.
8:25 of 2nd period - Shot by Kevin Shattenkirk.
8:25 of 2nd period - Stopped by Ilya Bryzgalov without a rebound.
8:26 of 2nd period - Michal Handzus wins face-off versus Cody Hodgson in Kings zone.
8:37 of 2nd period - Shot by Cody Hodgson.
8:37 of 2nd period - Shot Blocked by Kris Letang.
8:41 of 2nd period - Shot by Tyson Barrie.
8:41 of 2nd period - Shot Misses the Net.
8:43 of 2nd period - Shot by Tyson Barrie.
8:43 of 2nd period - Stopped by Ilya Bryzgalov without a rebound.
8:44 of 2nd period - Derek Stepan wins face-off versus Michal Handzus in Kings zone.
9:50 of 2nd period - Minor Penalty to Mikael Granlund for Hooking.
9:51 of 2nd period - Mikhail Grabovski wins face-off versus Cody Hodgson in Kings zone.
10:06 of 2nd period - Shot by Johan Franzen.
10:06 of 2nd period - Shot Misses the Net.
10:08 of 2nd period - Shot by Justin Faulk.
10:08 of 2nd period - Stopped by Ilya Bryzgalov without a rebound.
10:09 of 2nd period - Cody Hodgson wins face-off versus Michal Handzus in Kings zone.
10:12 of 2nd period - Shot by Cody Hodgson.
10:12 of 2nd period - Shot Blocked by Mike Richards.
10:32 of 2nd period - Shot by Radim Vrbata.
10:32 of 2nd period - Shot Misses the Net.
11:16 of 2nd period - Shot by Marian Hossa.
11:16 of 2nd period - Deflect By Derek Stepan.
11:16 of 2nd period - Shot Misses the Net.
11:18 of 2nd period - Shot by Tyson Barrie.
11:18 of 2nd period - Shot Blocked by Kris Letang.
11:20 of 2nd period - Shot by Marian Hossa.
11:20 of 2nd period - Stopped by Ilya Bryzgalov without a rebound.
11:21 of 2nd period - Derek Stepan wins face-off versus Mikhail Grabovski in Kings zone.
12:08 of 2nd period - Shot by Quinton Howden.
12:08 of 2nd period - Shot Misses the Net.
12:20 of 2nd period - Shot by Brian Gionta.
12:20 of 2nd period - Goal by Brian Gionta - Avalanche : 0 - Kings : 3.
12:21 of 2nd period - Boone Jenner wins face-off versus Mikhail Grabovski in neutral zone.
12:35 of 2nd period - Shot by Mikhail Grabovski.
12:35 of 2nd period - Shot Blocked by Justin Faulk.
12:37 of 2nd period - Shot by Ryan Nugent-Hopkins.
12:37 of 2nd period - Shot Blocked by Lauri Korpikoski.
12:39 of 2nd period - Shot by Ryan Nugent-Hopkins.
12:39 of 2nd period - Shot Blocked by Justin Faulk.
12:41 of 2nd period - Shot by Ryan Nugent-Hopkins.
12:41 of 2nd period - Stopped by Antti Niemi with a rebound.
12:43 of 2nd period - Shot by Dustin Penner.
12:43 of 2nd period - Shot Misses the Net.
12:45 of 2nd period - Shot by Dennis Seidenberg.
12:45 of 2nd period - Stopped by Antti Niemi without a rebound.
12:46 of 2nd period - Mikael Granlund wins face-off versus Derek Stepan in Avalanche zone.
13:01 of 2nd period - Shot by Marian Hossa.
13:01 of 2nd period - Stopped by Ilya Bryzgalov with a rebound.
13:35 of 2nd period - Off-side.
13:36 of 2nd period - Cody Hodgson wins face-off versus Ryan Nugent-Hopkins in neutral zone.
13:44 of 2nd period - Icing by Dennis Seidenberg.
13:45 of 2nd period - Ryan Nugent-Hopkins wins face-off versus Radim Vrbata in Kings zone.
14:02 of 2nd period - Shot by Mike Richards.
14:02 of 2nd period - Shot Misses the Net.
14:04 of 2nd period - Shot by Dennis Seidenberg.
14:04 of 2nd period - Stopped by Antti Niemi without a rebound.
14:05 of 2nd period - Michal Handzus wins face-off versus Scottie Upshall in Avalanche zone.
14:11 of 2nd period - Michal Handzus is hit by Kevin Shattenkirk and loses puck.
14:28 of 2nd period - Shot by Scottie Upshall.
14:28 of 2nd period - Goal by Scottie Upshall - Avalanche : 1 - Kings : 3.
14:29 of 2nd period - Ryan Nugent-Hopkins wins face-off versus Derek Stepan in neutral zone.
15:24 of 2nd period - Mike Richards is hit by Marcus Johansson and loses puck.
15:44 of 2nd period - Shot by Marcus Johansson.
15:44 of 2nd period - Deflect By Radim Vrbata.
15:44 of 2nd period - Shot Misses the Net.
16:01 of 2nd period - Icing by Kris Letang.
16:02 of 2nd period - Ryan Nugent-Hopkins wins face-off versus Riley Sheahan in Kings zone.
16:38 of 2nd period - Shot by Mikael Granlund.
16:38 of 2nd period - Stopped by Antti Niemi without a rebound.
16:39 of 2nd period - Derek Stepan wins face-off versus Michal Handzus in Avalanche zone.
16:41 of 2nd period - Icing by Keith Yandle.
16:42 of 2nd period - Michal Handzus wins face-off versus Derek Stepan in Avalanche zone.
16:53 of 2nd period - Shot by J.T. Brown.
16:53 of 2nd period - Goal by J.T. Brown - Avalanche : 1 - Kings : 4.
16:53 of 2nd period - Martin Jones enters game.
16:54 of 2nd period - Cody Hodgson wins face-off versus Mikael Granlund in neutral zone.
17:14 of 2nd period - Off-side.
17:15 of 2nd period - Michal Handzus wins face-off versus Derek Stepan in neutral zone.
17:20 of 2nd period - Shot by Jamie McBain.
17:20 of 2nd period - Shot Blocked by Justin Faulk.
17:29 of 2nd period - J.T. Brown is hit by Justin Faulk and loses puck.
17:42 of 2nd period - Jamie McBain is hit by Johan Franzen and loses puck.
18:25 of 2nd period - Shot by Tyson Barrie.
18:25 of 2nd period - Shot Hit the Post.
18:27 of 2nd period - Shot by Tyson Barrie.
18:27 of 2nd period - Stopped by Ilya Bryzgalov without a rebound.
18:28 of 2nd period - Mikael Granlund wins face-off versus Boone Jenner in Kings zone.
18:39 of 2nd period - Kris Letang is hit by Matt Calvert and loses puck.
18:50 of 2nd period - Shot by Mikael Granlund.
18:50 of 2nd period - Shot Blocked by Matt Calvert.
19:17 of 2nd period - Minor Penalty to Mikael Granlund for Holding.
19:18 of 2nd period - Michal Handzus wins face-off versus Cody Hodgson in Kings zone.
19:45 of 2nd period - Shot by Cody Hodgson.
19:45 of 2nd period - Deflect By Radim Vrbata.
19:45 of 2nd period - Shot Misses the Net.
Goals for this period are 1 for Avalanche vs 2 for Kings.
Shots for this period are 15 for Avalanche vs 9 for Kings.

3rd period


0:01 of 3rd period - Michal Handzus wins face-off versus Derek Stepan in neutral zone.
0:20 of 3rd period - Shot by Marian Hossa.
0:20 of 3rd period - Deflect By Marcus Johansson.
0:20 of 3rd period - Shot Misses the Net.
0:22 of 3rd period - Shot by Keith Yandle.
0:22 of 3rd period - Shot Misses the Net.
0:24 of 3rd period - Shot by Keith Yandle.
0:24 of 3rd period - Stopped by Ilya Bryzgalov without a rebound.
0:25 of 3rd period - Michal Handzus wins face-off versus Cody Hodgson in Kings zone.
1:23 of 3rd period - Off-side.
1:24 of 3rd period - Riley Sheahan wins face-off versus Ryan Nugent-Hopkins in neutral zone.
3:41 of 3rd period - Shot by J.T. Brown.
3:41 of 3rd period - Goal by J.T. Brown - Avalanche : 1 - Kings : 5.
3:42 of 3rd period - Sean Monahan wins face-off versus Derek Stepan in neutral zone.
3:44 of 3rd period - Off-side.
3:45 of 3rd period - Derek Stepan wins face-off versus Ryan Nugent-Hopkins in neutral zone.
4:00 of 3rd period - Minor Penalty to Dennis Seidenberg for Boarding.
4:01 of 3rd period - Michal Handzus wins face-off versus Cody Hodgson in Kings zone.
4:09 of 3rd period - Icing by Tyson Barrie.
4:10 of 3rd period - Cody Hodgson wins face-off versus Michal Handzus in Avalanche zone.
4:16 of 3rd period - Off-side.
4:17 of 3rd period - Derek Stepan wins face-off versus Michal Handzus in neutral zone.
4:37 of 3rd period - Shot by Marian Hossa.
4:37 of 3rd period - Deflect By Derek Stepan.
4:37 of 3rd period - Shot Misses the Net.
4:39 of 3rd period - Shot by Marcus Johansson.
4:39 of 3rd period - Shot Misses the Net.
4:43 of 3rd period - Shot by Tyson Barrie.
4:43 of 3rd period - Stopped by Ilya Bryzgalov without a rebound.
4:44 of 3rd period - Cody Hodgson wins face-off versus Michal Handzus in Kings zone.
5:11 of 3rd period - Shot by Justin Faulk.
5:11 of 3rd period - Stopped by Ilya Bryzgalov without a rebound.
5:12 of 3rd period - Marcus Johansson wins face-off versus Michal Handzus in Kings zone.
6:24 of 3rd period - Minor Penalty to Robyn Regehr for Tripping.
6:25 of 3rd period - Cody Hodgson wins face-off versus Michal Handzus in Kings zone.
6:38 of 3rd period - Shot by Kevin Shattenkirk.
6:38 of 3rd period - Shot Misses the Net.
6:40 of 3rd period - Shot by Kevin Shattenkirk.
6:40 of 3rd period - Goal by Kevin Shattenkirk - Avalanche : 2 - Kings : 5.
6:41 of 3rd period - Riley Sheahan wins face-off versus Mikhail Grabovski in neutral zone.
6:44 of 3rd period - Shot by Quinton Howden.
6:44 of 3rd period - Shot Misses the Net.
6:46 of 3rd period - Shot by Scottie Upshall.
6:46 of 3rd period - Shot Blocked by Robyn Regehr.
6:48 of 3rd period - Shot by Scottie Upshall.
6:48 of 3rd period - Shot Misses the Net.
7:00 of 3rd period - Shot by Quinton Howden.
7:00 of 3rd period - Stopped by Ilya Bryzgalov without a rebound.
7:01 of 3rd period - Derek Stepan wins face-off versus Colin Wilson in Kings zone.
7:10 of 3rd period - Shot by Brian Gionta.
7:10 of 3rd period - Shot Misses the Net.
7:31 of 3rd period - Minor Penalty to Johan Franzen for Holding.
7:32 of 3rd period - Lauri Korpikoski wins face-off versus Ryan Nugent-Hopkins in Avalanche zone.
7:45 of 3rd period - Shot by Kris Letang.
7:45 of 3rd period - Shot Misses the Net.
7:47 of 3rd period - Shot by Tyler Myers.
7:47 of 3rd period - Deflect By Ryan Nugent-Hopkins.
7:47 of 3rd period - Stopped by Martin Jones without a rebound.
7:48 of 3rd period - Sean Monahan wins face-off versus Derek Stepan in Avalanche zone.
8:10 of 3rd period - Off-side.
8:11 of 3rd period - Ryan Nugent-Hopkins wins face-off versus Derek Stepan in neutral zone.
8:30 of 3rd period - Cody Hodgson is hit by Mike Richards and loses puck.
9:26 of 3rd period - Off-side.
9:27 of 3rd period - Derek Stepan wins face-off versus Ryan Nugent-Hopkins in neutral zone.
10:08 of 3rd period - Shot by Michal Handzus.
10:08 of 3rd period - Stopped by Martin Jones without a rebound.
10:09 of 3rd period - Cody Hodgson wins face-off versus Mikhail Grabovski in Avalanche zone.
10:36 of 3rd period - Shot by Ryan Nugent-Hopkins.
10:36 of 3rd period - Stopped by Martin Jones without a rebound.
10:37 of 3rd period - Brian Gionta wins face-off versus Derek Stepan in Avalanche zone.
10:58 of 3rd period - Shot by Derek Stepan.
10:58 of 3rd period - Shot Misses the Net.
11:00 of 3rd period - Shot by Marian Hossa.
11:00 of 3rd period - Shot Blocked by Tobias Enstrom.
11:02 of 3rd period - Shot by Johan Franzen.
11:02 of 3rd period - Shot Misses the Net.
11:17 of 3rd period - Icing by Tobias Enstrom.
11:18 of 3rd period - Mikael Granlund wins face-off versus Cody Hodgson in Kings zone.
11:20 of 3rd period - Icing by Tobias Enstrom.
11:21 of 3rd period - Mikael Granlund wins face-off versus Marcus Johansson in Kings zone.
11:21 of 3rd period - Mikael Granlund is hit by Radim Vrbata.
11:30 of 3rd period - Tobias Enstrom is hit by Cody Hodgson and loses puck.
12:23 of 3rd period - Off-side.
12:24 of 3rd period - Riley Sheahan wins face-off versus Ryan Nugent-Hopkins in neutral zone.
12:42 of 3rd period - Minor Penalty to Sami Vatanen for Hooking.
12:43 of 3rd period - Ryan Nugent-Hopkins wins face-off versus Derek Stepan in Avalanche zone.
12:46 of 3rd period - Shot by Ryan Nugent-Hopkins.
12:46 of 3rd period - Stopped by Martin Jones with a rebound.
12:48 of 3rd period - Shot by Kris Letang.
12:48 of 3rd period - Stopped by Martin Jones without a rebound.
12:49 of 3rd period - Derek Stepan wins face-off versus Ryan Nugent-Hopkins in Avalanche zone.
12:49 of 3rd period - Justin Faulk is hit by Mike Richards and loses puck.
13:10 of 3rd period - Shot by Kris Letang.
13:10 of 3rd period - Shot Blocked by Derek Stepan.
13:12 of 3rd period - Shot by Kris Letang.
13:12 of 3rd period - Shot Misses the Net.
13:14 of 3rd period - Shot by Kris Letang.
13:14 of 3rd period - Stopped by Martin Jones without a rebound.
13:15 of 3rd period - Ryan Nugent-Hopkins wins face-off versus Derek Stepan in Avalanche zone.
13:23 of 3rd period - Off-side.
13:24 of 3rd period - Ryan Nugent-Hopkins wins face-off versus Derek Stepan in neutral zone.
14:10 of 3rd period - Lauri Korpikoski is hit by Blair Jones.
14:44 of 3rd period - Sami Vatanen is hit by J.T. Brown.
14:54 of 3rd period - Shot by Cody Hodgson.
14:54 of 3rd period - Deflect By Radim Vrbata.
14:54 of 3rd period - Stopped by Ilya Bryzgalov with a rebound.
14:56 of 3rd period - Shot by Radim Vrbata.
14:56 of 3rd period - Deflect By Cody Hodgson.
14:56 of 3rd period - Stopped by Ilya Bryzgalov without a rebound.
14:57 of 3rd period - Riley Sheahan wins face-off versus Ryan Nugent-Hopkins in Kings zone.
15:14 of 3rd period - Shot by Ryan Nugent-Hopkins.
15:14 of 3rd period - Deflect By Mikhail Grabovski.
15:14 of 3rd period - Shot Blocked by Quinton Howden.
15:16 of 3rd period - Shot by Mikhail Grabovski.
15:16 of 3rd period - Shot Misses the Net.
15:20 of 3rd period - Shot by Ryan Nugent-Hopkins.
15:20 of 3rd period - Shot Misses the Net.
15:22 of 3rd period - Shot by Tobias Enstrom.
15:22 of 3rd period - Shot Misses the Net.
15:44 of 3rd period - Michal Handzus is hit by Scottie Upshall and loses puck.
16:23 of 3rd period - Shot by Radim Vrbata.
16:23 of 3rd period - Goal by Radim Vrbata - Avalanche : 3 - Kings : 5.
16:24 of 3rd period - Ryan Nugent-Hopkins wins face-off versus Derek Stepan in neutral zone.
16:24 of 3rd period - Minor Penalty to Johan Franzen for Slashing.
16:25 of 3rd period - Derek Stepan wins face-off versus Ryan Nugent-Hopkins in Avalanche zone.
16:40 of 3rd period - Icing by Sean Monahan.
16:41 of 3rd period - Derek Stepan wins face-off versus Ryan Nugent-Hopkins in Kings zone.
16:52 of 3rd period - Shot by Kris Letang.
16:52 of 3rd period - Deflect By Ryan Nugent-Hopkins.
16:52 of 3rd period - Shot Misses the Net.
17:02 of 3rd period - Shot by Mikael Granlund.
17:02 of 3rd period - Shot Blocked by Justin Faulk.
17:04 of 3rd period - Shot by Mikael Granlund.
17:04 of 3rd period - Shot Misses the Net.
18:01 of 3rd period - Shot by Tyler Myers.
18:01 of 3rd period - Stopped by Martin Jones without a rebound.
18:02 of 3rd period - Ryan Nugent-Hopkins wins face-off versus Derek Stepan in Avalanche zone.
18:20 of 3rd period - Off-side.
18:21 of 3rd period - Cody Hodgson wins face-off versus Mikael Granlund in neutral zone.
19:34 of 3rd period - Shot by Ryan Nugent-Hopkins.
19:34 of 3rd period - Stopped by Martin Jones with a rebound.
19:42 of 3rd period - Shot by Dustin Penner.
19:42 of 3rd period - Shot Misses the Net.
19:44 of 3rd period - Shot by Mikhail Grabovski.
19:44 of 3rd period - Stopped by Martin Jones without a rebound.
19:45 of 3rd period - Cody Hodgson wins face-off versus Mikael Granlund in Avalanche zone.
Goals for this period are 2 for Avalanche vs 1 for Kings.
Shots for this period are 8 for Avalanche vs 10 for Kings.


Output by the SimonT Hockey Simulator (STHS) for Stephane Roy -- Original Page W3C XHTML 1.0 Valid
Hockey Simulator - Hockey Simulation - Hockey Manager